 Dungeon Crawl Stone Soup version 0.30-a0-279-g4b46babb21 (webtiles) character file.

Game seed: 8097749517910479875

71 hikkokomori the Shooter (level 4, -3/28 HPs)
             Began as a Tengu Hunter on Oct 17, 2022.
             Slain by Crazy Yiuf
             ... wielding a +2 quarterstaff of chaos
              (11 damage)
             ... on level 2 of the Dungeon.
             The game lasted 00:01:27 (1026 turns).

hikkokomori the Shooter (Tengu Hunter)              Turns: 1026, Time: 00:01:29

Health: -3/28      AC:  3    Str: 11    XL:     4   Next: 24%
Magic:  5/5        EV: 13    Int:  9    God:
Gold:   92         SH:  0    Dex: 20    Spells: 3/3 levels left

rFire   . . .      SeeInvis .    a - +0 shortbow
rCold   . . .      Faith    .    (shield currently unavailable)
rNeg    . . .      Spirit   .    c - +0 leather armour
rPois   .          Reflect  .    (helmet restricted)
rElec   .          Harm     .    (no cloak)
rCorr   +          Rampage  .    (no gloves)
Will    .....                    (boots unavailable)
Stlth   ++........               (no amulet)
HPRegen 0.24/turn                f - ring of resist corrosion
MPRegen 0.09/turn                (no ring)

@: lethally poisoned (-3 -> -12), flying
A: beak, talons 3
a: no special abilities


You were on level 2 of the Dungeon.
You visited 1 branch of the dungeon, and saw 2 of its levels.

You collected 92 gold pieces.

Inventory:

Hand Weapons
 a - a +0 shortbow (weapon)
Armour
 c - a +0 leather armour (worn)
Jewellery
 f - a ring of resist corrosion (left hand)
Scrolls
 b - a scroll of immolation
 d - a scroll of silence {unknown}
 e - 2 scrolls of identify {unknown}
 g - a scroll of acquirement {unknown}
 k - a scroll of vulnerability {unknown}
 m - a scroll of amnesia {unknown}
 o - 2 scrolls of poison {unknown}
Potions
 h - 3 potions of mutation {unknown}
 i - 2 potions of might {unknown}
 j - a potion of magic {unknown}
 l - 2 potions of flight
 n - a potion of heal wounds {unknown}


   Skills:
 * Level 3.1 Fighting
 + Level 4.8 Ranged Weapons
 + Level 2.9 Dodging
 + Level 2.0 Stealth


You had 3 spell levels left.
You didn't know any spells.
Your spell library was empty.

Dungeon Overview and Level Annotations

Branches:
Dungeon (2/15)

Altars:

Shops:
D:1 (

Annotations:
D:2 Crazy Yiuf


Innate Abilities, Weirdness & Mutations

You have a beak for a mouth.
You have claws for feet.


Message History

No target in view!
Found a hammer.
No target in view!
Found a hammer.
No target in view!
You see here a +0 hammer.
Found six hammers.
Found a runed translucent door.
You see here a +0 hammer.
No target in view!
Key pressed, stopping explore.
No target in view!
Found a hammer.
You see here a +0 hammer.
No reachable target in view!
Key pressed, stopping explore.
No reachable target in view!
You see here a +0 hammer.
Found two hammers and a runed hammer.
Crazy Yiuf shouts!
Crazy Yiuf yells, "Peeping!"
You see here a +0 hammer.
You open the door.
Crazy Yiuf whimpers, "Citrus mumblescurry infinity!"
You shoot an arrow. The arrow hits Crazy Yiuf.
Crazy Yiuf is lightly wounded.
You shoot an arrow. The arrow hits Crazy Yiuf!
Crazy Yiuf is severely wounded.
Crazy Yiuf hits you with a +2 quarterstaff of chaos!
Crazy Yiuf draws strength from your wounds!
Crazy Yiuf hits you with a +2 quarterstaff of chaos!
You are lethally poisoned!
You are too injured to fight recklessly!
Unknown command.
It was a potion of flight.
You feel very buoyant.
You fly up into the air.
* * * LOW HITPOINT WARNING * * *
You feel very sick.
Crazy Yiuf hits you with a +2 quarterstaff of chaos!
You die...

#.# #...##..# #.......
#.# #######.####
#..†.... #.# #....#
######## ..# ######
### ### #.####
##########♣♣ ###
#....# .....##..#.♣♣
♣♣#)))# ####'#####
##.#........♣♣♣♣@g)).#
#........#
.#.####.....)♣))♣#)))#
#.......[# .#.#
##.#.)♣)♣♣♣ ###
#......... ...#
###♣♣♣♣♣ #......>.#
#### #........#
#........# #........#
#...<..... #........#


You could see Crazy Yiuf.

Vanquished Creatures
  2 adders (D:2)
  A worm (D:2)
  3 dart slugs (D:2)
  7 bats
  4 endoplasms
  A giant cockroach (D:1)
  3 goblins (D:1)
  A hobgoblin (D:1)
  4 kobolds
  A quokka (D:1)
  7 ball pythons (D:1)
  6 frilled lizards
  6 rats
46 creatures vanquished.

Notes
Turn   | Place    | Note
-------+----------+-------------------------------------------
     0 | D:1      | hikkokomori the Tengu Hunter began the quest for the Orb.
     0 | D:1      | Reached XP level 1. HP: 12/12 MP: 2/2
    60 | D:1      | Found a faded altar of an unknown god.
   123 | D:1      | Reached XP level 2. HP: 17/17 MP: 3/3
   373 | D:1      | Found Rege's Weapon Boutique.
   375 | D:1      | Reached XP level 3. HP: 22/22 MP: 4/4
   898 | D:2      | Reached XP level 4. HP: 28/28 MP: 5/5
  1019 | D:2      | Found a runed translucent door.
  1020 | D:2      | Noticed Crazy Yiuf
  1026 | D:2      | Slain by Crazy Yiuf

Illustrated notes

Levels and vault maps discovered:
D:1:      lemuel_arrival_rhombus, layout_basic,
          chequers_ecumenical_altar_island, serial_shops,
          nicolae_shop_bloodbath_and_beyond
D:2:      layout_basic, uniq_crazy_yiuf_cottage

Skill      XL: |  1  2  3  4 |
---------------+-------------+-----
Fighting       | 3 |  3.1
Stealth        | 2 |  2.0
Ranged Weapons | |  4.8
Dodging        | |  2.9

Action                   |  1- 3 |  4- 6 || total
-------------------------+-------+-------++-------
 Fire: Shortbow          |    95 |    13 ||   108
  Use: Potion            |       |     1 ||     1
Armor: Leather armour    |     7 |     1 ||     8
Dodge: Dodged            |    24 |     2 ||    26

Table legend: (Time is in decaauts)
 A = Elapsed time spent in this place.
 B = Non-inter-level travel time spent in this place.
 C = Inter-level travel time spent in this place.
 D = Time resting spent in this place.
 E = Time spent auto-exploring this place.
 F = Levels seen in this place.
 G = Mean time per level.
                   A        B        C        D        E       F      G
               +--------+--------+--------+--------+--------+-----+--------+
         Total |   1060 |   1042 |     18 |      0 |    832 |   2 |  530.0 |
       Dungeon |   1060 |   1042 |     18 |      0 |    832 |   2 |  530.0 |
               +--------+--------+--------+--------+--------+-----+--------+

Top non-repeatable levels by time:
     D:1: 693 daAuts
     D:2: 366 daAuts
